%YAML 1.1
%TAG !u! tag:unity3d.com,2011:
--- !u!1 &1502439834741860586
GameObject:
  m_ObjectHideFlags: 0
  m_CorrespondingSourceObject: {fileID: 0}
  m_PrefabInstance: {fileID: 0}
  m_PrefabAsset: {fileID: 0}
  serializedVersion: 6
  m_Component:
  - component: {fileID: 6005489728087615920}
  m_Layer: 5
  m_Name: Btm
  m_TagString: Untagged
  m_Icon: {fileID: 0}
  m_NavMeshLayer: 0
  m_StaticEditorFlags: 0
  m_IsActive: 1
--- !u!224 &6005489728087615920
RectTransform:
  m_ObjectHideFlags: 0
  m_CorrespondingSourceObject: {fileID: 0}
  m_PrefabInstance: {fileID: 0}
  m_PrefabAsset: {fileID: 0}
  m_GameObject: {fileID: 1502439834741860586}
  m_LocalRotation: {x: 0, y: 0, z: 0, w: 1}
  m_LocalPosition: {x: 0, y: 0, z: 0}
  m_LocalScale: {x: 1, y: 1, z: 1}
  m_Children:
  - {fileID: 4973010608925052896}
  - {fileID: 2564542786469674654}
  m_Father: {fileID: 9095202207552037026}
  m_RootOrder: 2
  m_LocalEulerAnglesHint: {x: 0, y: 0, z: 0}
  m_AnchorMin: {x: 0, y: 0}
  m_AnchorMax: {x: 1, y: 0}
  m_AnchoredPosition: {x: 0, y: 50}
  m_SizeDelta: {x: 0, y: 300}
  m_Pivot: {x: 0.5, y: 0}
--- !u!1 &2068115358921809513
GameObject:
  m_ObjectHideFlags: 0
  m_CorrespondingSourceObject: {fileID: 0}
  m_PrefabInstance: {fileID: 0}
  m_PrefabAsset: {fileID: 0}
  serializedVersion: 6
  m_Component:
  - component: {fileID: 5262228573551406612}
  - component: {fileID: 5887425590994529430}
  m_Layer: 5
  m_Name: DecksSelected
  m_TagString: Untagged
  m_Icon: {fileID: 0}
  m_NavMeshLayer: 0
  m_StaticEditorFlags: 0
  m_IsActive: 1
--- !u!224 &5262228573551406612
RectTransform:
  m_ObjectHideFlags: 0
  m_CorrespondingSourceObject: {fileID: 0}
  m_PrefabInstance: {fileID: 0}
  m_PrefabAsset: {fileID: 0}
  m_GameObject: {fileID: 2068115358921809513}
  m_LocalRotation: {x: 0, y: 0, z: 0, w: 1}
  m_LocalPosition: {x: 0, y: 0, z: 0}
  m_LocalScale: {x: 1, y: 1, z: 1}
  m_Children:
  - {fileID: 3708173405724407543}
  - {fileID: 2760827485492968565}
  - {fileID: 6158496662073399224}
  m_Father: {fileID: 9095202207552037026}
  m_RootOrder: 1
  m_LocalEulerAnglesHint: {x: 0, y: 0, z: 0}
  m_AnchorMin: {x: 0, y: 0}
  m_AnchorMax: {x: 1, y: 1}
  m_AnchoredPosition: {x: 0, y: 105}
  m_SizeDelta: {x: 0, y: -530}
  m_Pivot: {x: 0.5, y: 0.5}
--- !u!114 &5887425590994529430
MonoBehaviour:
  m_ObjectHideFlags: 0
  m_CorrespondingSourceObject: {fileID: 0}
  m_PrefabInstance: {fileID: 0}
  m_PrefabAsset: {fileID: 0}
  m_GameObject: {fileID: 2068115358921809513}
  m_Enabled: 1
  m_EditorHideFlags: 0
  m_Script: {fileID: 11500000, guid: 30649d3a9faa99c48a7b1166b86bf2a0, type: 3}
  m_Name: 
  m_EditorClassIdentifier: 
  m_Padding:
    m_Left: 0
    m_Right: 0
    m_Top: 0
    m_Bottom: 0
  m_ChildAlignment: 4
  m_Spacing: 100
  m_ChildForceExpandWidth: 0
  m_ChildForceExpandHeight: 0
  m_ChildControlWidth: 0
  m_ChildControlHeight: 0
  m_ChildScaleWidth: 0
  m_ChildScaleHeight: 0
  m_ReverseArrangement: 0
--- !u!1 &4166137804400814075
GameObject:
  m_ObjectHideFlags: 0
  m_CorrespondingSourceObject: {fileID: 0}
  m_PrefabInstance: {fileID: 0}
  m_PrefabAsset: {fileID: 0}
  serializedVersion: 6
  m_Component:
  - component: {fileID: 9095202207552037026}
  - component: {fileID: 7959263955303126716}
  m_Layer: 5
  m_Name: DeckConfirmWidget
  m_TagString: Untagged
  m_Icon: {fileID: 0}
  m_NavMeshLayer: 0
  m_StaticEditorFlags: 0
  m_IsActive: 1
--- !u!224 &9095202207552037026
RectTransform:
  m_ObjectHideFlags: 0
  m_CorrespondingSourceObject: {fileID: 0}
  m_PrefabInstance: {fileID: 0}
  m_PrefabAsset: {fileID: 0}
  m_GameObject: {fileID: 4166137804400814075}
  m_LocalRotation: {x: 0, y: 0, z: 0, w: 1}
  m_LocalPosition: {x: 0, y: 0, z: 0}
  m_LocalScale: {x: 1, y: 1, z: 1}
  m_Children:
  - {fileID: 8418343277066310626}
  - {fileID: 5262228573551406612}
  - {fileID: 6005489728087615920}
  m_Father: {fileID: 0}
  m_RootOrder: 0
  m_LocalEulerAnglesHint: {x: 0, y: 0, z: 0}
  m_AnchorMin: {x: 0, y: 0}
  m_AnchorMax: {x: 1, y: 1}
  m_AnchoredPosition: {x: 0, y: 0}
  m_SizeDelta: {x: 0, y: 0}
  m_Pivot: {x: 0.5, y: 0.5}
--- !u!114 &7959263955303126716
MonoBehaviour:
  m_ObjectHideFlags: 0
  m_CorrespondingSourceObject: {fileID: 0}
  m_PrefabInstance: {fileID: 0}
  m_PrefabAsset: {fileID: 0}
  m_GameObject: {fileID: 4166137804400814075}
  m_Enabled: 1
  m_EditorHideFlags: 0
  m_Script: {fileID: 11500000, guid: ba7f728064c94d54a23e233979df2be4, type: 3}
  m_Name: 
  m_EditorClassIdentifier: 
  deckParent: {fileID: 5262228573551406612}
  deckPrefab: {fileID: 2788745888789140872, guid: 6e8ff1c8f5ee97547a03fee6340f9c1c, type: 3}
--- !u!1 &7747803171022292666
GameObject:
  m_ObjectHideFlags: 0
  m_CorrespondingSourceObject: {fileID: 0}
  m_PrefabInstance: {fileID: 0}
  m_PrefabAsset: {fileID: 0}
  serializedVersion: 6
  m_Component:
  - component: {fileID: 8418343277066310626}
  - component: {fileID: 4622173849713498389}
  - component: {fileID: 6716429305930564420}
  - component: {fileID: 6945865071687685851}
  m_Layer: 5
  m_Name: HeaderText
  m_TagString: Untagged
  m_Icon: {fileID: 0}
  m_NavMeshLayer: 0
  m_StaticEditorFlags: 0
  m_IsActive: 1
--- !u!224 &8418343277066310626
RectTransform:
  m_ObjectHideFlags: 0
  m_CorrespondingSourceObject: {fileID: 0}
  m_PrefabInstance: {fileID: 0}
  m_PrefabAsset: {fileID: 0}
  m_GameObject: {fileID: 7747803171022292666}
  m_LocalRotation: {x: 0, y: 0, z: 0, w: 1}
  m_LocalPosition: {x: 0, y: 0, z: 0}
  m_LocalScale: {x: 1, y: 1, z: 1}
  m_Children: []
  m_Father: {fileID: 9095202207552037026}
  m_RootOrder: 0
  m_LocalEulerAnglesHint: {x: 0, y: 0, z: 0}
  m_AnchorMin: {x: 0, y: 1}
  m_AnchorMax: {x: 1, y: 1}
  m_AnchoredPosition: {x: 0, y: -80}
  m_SizeDelta: {x: 0, y: 60}
  m_Pivot: {x: 0.5, y: 1}
--- !u!222 &4622173849713498389
CanvasRenderer:
  m_ObjectHideFlags: 0
  m_CorrespondingSourceObject: {fileID: 0}
  m_PrefabInstance: {fileID: 0}
  m_PrefabAsset: {fileID: 0}
  m_GameObject: {fileID: 7747803171022292666}
  m_CullTransparentMesh: 1
--- !u!114 &6716429305930564420
MonoBehaviour:
  m_ObjectHideFlags: 0
  m_CorrespondingSourceObject: {fileID: 0}
  m_PrefabInstance: {fileID: 0}
  m_PrefabAsset: {fileID: 0}
  m_GameObject: {fileID: 7747803171022292666}
  m_Enabled: 1
  m_EditorHideFlags: 0
  m_Script: {fileID: 11500000, guid: f4688fdb7df04437aeb418b961361dc5, type: 3}
  m_Name: 
  m_EditorClassIdentifier: 
  m_Material: {fileID: 0}
  m_Color: {r: 1, g: 1, b: 1, a: 1}
  m_RaycastTarget: 1
  m_RaycastPadding: {x: 0, y: 0, z: 0, w: 0}
  m_Maskable: 1
  m_OnCullStateChanged:
    m_PersistentCalls:
      m_Calls: []
  m_text: '#select_deck_window_confirm_title'
  m_isRightToLeft: 0
  m_fontAsset: {fileID: 11400000, guid: 03b5875f1d7e53b42ac6748b5df6ee2f, type: 2}
  m_sharedMaterial: {fileID: 7230987703158328321, guid: 03b5875f1d7e53b42ac6748b5df6ee2f, type: 2}
  m_fontSharedMaterials: []
  m_fontMaterial: {fileID: 0}
  m_fontMaterials: []
  m_fontColor32:
    serializedVersion: 2
    rgba: 4294967295
  m_fontColor: {r: 1, g: 1, b: 1, a: 1}
  m_enableVertexGradient: 0
  m_colorMode: 3
  m_fontColorGradient:
    topLeft: {r: 1, g: 1, b: 1, a: 1}
    topRight: {r: 1, g: 1, b: 1, a: 1}
    bottomLeft: {r: 1, g: 1, b: 1, a: 1}
    bottomRight: {r: 1, g: 1, b: 1, a: 1}
  m_fontColorGradientPreset: {fileID: 0}
  m_spriteAsset: {fileID: 0}
  m_tintAllSprites: 0
  m_StyleSheet: {fileID: 0}
  m_TextStyleHashCode: -1183493901
  m_overrideHtmlColors: 0
  m_faceColor:
    serializedVersion: 2
    rgba: 4294967295
  m_fontSize: 60
  m_fontSizeBase: 60
  m_fontWeight: 400
  m_enableAutoSizing: 0
  m_fontSizeMin: 18
  m_fontSizeMax: 72
  m_fontStyle: 16
  m_HorizontalAlignment: 2
  m_VerticalAlignment: 512
  m_textAlignment: 65535
  m_characterSpacing: 0
  m_wordSpacing: 0
  m_lineSpacing: 0
  m_lineSpacingMax: 0
  m_paragraphSpacing: 0
  m_charWidthMaxAdj: 0
  m_enableWordWrapping: 1
  m_wordWrappingRatios: 0.4
  m_overflowMode: 0
  m_linkedTextComponent: {fileID: 0}
  parentLinkedComponent: {fileID: 0}
  m_enableKerning: 1
  m_enableExtraPadding: 0
  checkPaddingRequired: 0
  m_isRichText: 1
  m_parseCtrlCharacters: 1
  m_isOrthographic: 1
  m_isCullingEnabled: 0
  m_horizontalMapping: 0
  m_verticalMapping: 0
  m_uvLineOffset: 0
  m_geometrySortingOrder: 0
  m_IsTextObjectScaleStatic: 0
  m_VertexBufferAutoSizeReduction: 0
  m_useMaxVisibleDescender: 1
  m_pageToDisplay: 1
  m_margin: {x: 0, y: 0, z: 0, w: 0}
  m_isUsingLegacyAnimationComponent: 0
  m_isVolumetricText: 0
  m_hasFontAssetChanged: 0
  m_baseMaterial: {fileID: 0}
  m_maskOffset: {x: 0, y: 0, z: 0, w: 0}
--- !u!114 &6945865071687685851
MonoBehaviour:
  m_ObjectHideFlags: 0
  m_CorrespondingSourceObject: {fileID: 0}
  m_PrefabInstance: {fileID: 0}
  m_PrefabAsset: {fileID: 0}
  m_GameObject: {fileID: 7747803171022292666}
  m_Enabled: 1
  m_EditorHideFlags: 0
  m_Script: {fileID: 11500000, guid: 78b4d36b0e168554da34b6848c40f76f, type: 3}
  m_Name: 
  m_EditorClassIdentifier: 
  staticText: 1
  textId: select_deck_window_confirm_title
--- !u!1001 &1676656786934453808
PrefabInstance:
  m_ObjectHideFlags: 0
  serializedVersion: 2
  m_Modification:
    m_TransformParent: {fileID: 5262228573551406612}
    m_Modifications:
    - target: {fileID: 640031909749543076, guid: 6e8ff1c8f5ee97547a03fee6340f9c1c, type: 3}
      propertyPath: m_AnchorMax.y
      value: 0
      objectReference: {fileID: 0}
    - target: {fileID: 640031909749543076, guid: 6e8ff1c8f5ee97547a03fee6340f9c1c, type: 3}
      propertyPath: m_AnchorMin.y
      value: 0
      objectReference: {fileID: 0}
    - target: {fileID: 640031909749543076, guid: 6e8ff1c8f5ee97547a03fee6340f9c1c, type: 3}
      propertyPath: m_AnchoredPosition.x
      value: 0
      objectReference: {fileID: 0}
    - target: {fileID: 640031909749543076, guid: 6e8ff1c8f5ee97547a03fee6340f9c1c, type: 3}
      propertyPath: m_AnchoredPosition.y
      value: 0
      objectReference: {fileID: 0}
    - target: {fileID: 2788745888789140872, guid: 6e8ff1c8f5ee97547a03fee6340f9c1c, type: 3}
      propertyPath: m_Name
      value: Comp_Deck (2)
      objectReference: {fileID: 0}
    - target: {fileID: 2788745888789140872, guid: 6e8ff1c8f5ee97547a03fee6340f9c1c, type: 3}
      propertyPath: m_IsActive
      value: 1
      objectReference: {fileID: 0}
    - target: {fileID: 4770383355552825736, guid: 6e8ff1c8f5ee97547a03fee6340f9c1c, type: 3}
      propertyPath: m_Pivot.x
      value: 0.5
      objectReference: {fileID: 0}
    - target: {fileID: 4770383355552825736, guid: 6e8ff1c8f5ee97547a03fee6340f9c1c, type: 3}
      propertyPath: m_Pivot.y
      value: 0.5
      objectReference: {fileID: 0}
    - target: {fileID: 4770383355552825736, guid: 6e8ff1c8f5ee97547a03fee6340f9c1c, type: 3}
      propertyPath: m_RootOrder
      value: 2
      objectReference: {fileID: 0}
    - target: {fileID: 4770383355552825736, guid: 6e8ff1c8f5ee97547a03fee6340f9c1c, type: 3}
      propertyPath: m_AnchorMax.x
      value: 0
      objectReference: {fileID: 0}
    - target: {fileID: 4770383355552825736, guid: 6e8ff1c8f5ee97547a03fee6340f9c1c, type: 3}
      propertyPath: m_AnchorMax.y
      value: 0
      objectReference: {fileID: 0}
    - target: {fileID: 4770383355552825736, guid: 6e8ff1c8f5ee97547a03fee6340f9c1c, type: 3}
      propertyPath: m_AnchorMin.x
      value: 0
      objectReference: {fileID: 0}
    - target: {fileID: 4770383355552825736, guid: 6e8ff1c8f5ee97547a03fee6340f9c1c, type: 3}
      propertyPath: m_AnchorMin.y
      value: 0
      objectReference: {fileID: 0}
    - target: {fileID: 4770383355552825736, guid: 6e8ff1c8f5ee97547a03fee6340f9c1c, type: 3}
      propertyPath: m_SizeDelta.x
      value: 250
      objectReference: {fileID: 0}
    - target: {fileID: 4770383355552825736, guid: 6e8ff1c8f5ee97547a03fee6340f9c1c, type: 3}
      propertyPath: m_SizeDelta.y
      value: 360
      objectReference: {fileID: 0}
    - target: {fileID: 4770383355552825736, guid: 6e8ff1c8f5ee97547a03fee6340f9c1c, type: 3}
      propertyPath: m_LocalPosition.x
      value: 0
      objectReference: {fileID: 0}
    - target: {fileID: 4770383355552825736, guid: 6e8ff1c8f5ee97547a03fee6340f9c1c, type: 3}
      propertyPath: m_LocalPosition.y
      value: 0
      objectReference: {fileID: 0}
    - target: {fileID: 4770383355552825736, guid: 6e8ff1c8f5ee97547a03fee6340f9c1c, type: 3}
      propertyPath: m_LocalPosition.z
      value: 0
      objectReference: {fileID: 0}
    - target: {fileID: 4770383355552825736, guid: 6e8ff1c8f5ee97547a03fee6340f9c1c, type: 3}
      propertyPath: m_LocalRotation.w
      value: 1
      objectReference: {fileID: 0}
    - target: {fileID: 4770383355552825736, guid: 6e8ff1c8f5ee97547a03fee6340f9c1c, type: 3}
      propertyPath: m_LocalRotation.x
      value: 0
      objectReference: {fileID: 0}
    - target: {fileID: 4770383355552825736, guid: 6e8ff1c8f5ee97547a03fee6340f9c1c, type: 3}
      propertyPath: m_LocalRotation.y
      value: 0
      objectReference: {fileID: 0}
    - target: {fileID: 4770383355552825736, guid: 6e8ff1c8f5ee97547a03fee6340f9c1c, type: 3}
      propertyPath: m_LocalRotation.z
      value: 0
      objectReference: {fileID: 0}
    - target: {fileID: 4770383355552825736, guid: 6e8ff1c8f5ee97547a03fee6340f9c1c, type: 3}
      propertyPath: m_AnchoredPosition.x
      value: 0
      objectReference: {fileID: 0}
    - target: {fileID: 4770383355552825736, guid: 6e8ff1c8f5ee97547a03fee6340f9c1c, type: 3}
      propertyPath: m_AnchoredPosition.y
      value: 0
      objectReference: {fileID: 0}
    - target: {fileID: 4770383355552825736, guid: 6e8ff1c8f5ee97547a03fee6340f9c1c, type: 3}
      propertyPath: m_LocalEulerAnglesHint.x
      value: 0
      objectReference: {fileID: 0}
    - target: {fileID: 4770383355552825736, guid: 6e8ff1c8f5ee97547a03fee6340f9c1c, type: 3}
      propertyPath: m_LocalEulerAnglesHint.y
      value: 0
      objectReference: {fileID: 0}
    - target: {fileID: 4770383355552825736, guid: 6e8ff1c8f5ee97547a03fee6340f9c1c, type: 3}
      propertyPath: m_LocalEulerAnglesHint.z
      value: 0
      objectReference: {fileID: 0}
    - target: {fileID: 7966190711587480433, guid: 6e8ff1c8f5ee97547a03fee6340f9c1c, type: 3}
      propertyPath: m_AnchorMax.y
      value: 0
      objectReference: {fileID: 0}
    - target: {fileID: 7966190711587480433, guid: 6e8ff1c8f5ee97547a03fee6340f9c1c, type: 3}
      propertyPath: m_AnchorMin.y
      value: 0
      objectReference: {fileID: 0}
    - target: {fileID: 7966190711587480433, guid: 6e8ff1c8f5ee97547a03fee6340f9c1c, type: 3}
      propertyPath: m_AnchoredPosition.x
      value: 0
      objectReference: {fileID: 0}
    - target: {fileID: 7966190711587480433, guid: 6e8ff1c8f5ee97547a03fee6340f9c1c, type: 3}
      propertyPath: m_AnchoredPosition.y
      value: 0
      objectReference: {fileID: 0}
    m_RemovedComponents: []
  m_SourcePrefab: {fileID: 100100000, guid: 6e8ff1c8f5ee97547a03fee6340f9c1c, type: 3}
--- !u!224 &6158496662073399224 stripped
RectTransform:
  m_CorrespondingSourceObject: {fileID: 4770383355552825736, guid: 6e8ff1c8f5ee97547a03fee6340f9c1c, type: 3}
  m_PrefabInstance: {fileID: 1676656786934453808}
  m_PrefabAsset: {fileID: 0}
--- !u!1001 &5886273966208011820
PrefabInstance:
  m_ObjectHideFlags: 0
  serializedVersion: 2
  m_Modification:
    m_TransformParent: {fileID: 6005489728087615920}
    m_Modifications:
    - target: {fileID: 312671485317451404, guid: c1d98eba45a925f438490bf8807e2dc0, type: 3}
      propertyPath: m_OnClick.m_PersistentCalls.m_Calls.Array.size
      value: 1
      objectReference: {fileID: 0}
    - target: {fileID: 312671485317451404, guid: c1d98eba45a925f438490bf8807e2dc0, type: 3}
      propertyPath: m_OnClick.m_PersistentCalls.m_Calls.Array.data[0].m_Mode
      value: 1
      objectReference: {fileID: 0}
    - target: {fileID: 312671485317451404, guid: c1d98eba45a925f438490bf8807e2dc0, type: 3}
      propertyPath: m_OnClick.m_PersistentCalls.m_Calls.Array.data[0].m_Target
      value: 
      objectReference: {fileID: 7959263955303126716}
    - target: {fileID: 312671485317451404, guid: c1d98eba45a925f438490bf8807e2dc0, type: 3}
      propertyPath: m_OnClick.m_PersistentCalls.m_Calls.Array.data[0].m_CallState
      value: 2
      objectReference: {fileID: 0}
    - target: {fileID: 312671485317451404, guid: c1d98eba45a925f438490bf8807e2dc0, type: 3}
      propertyPath: m_OnClick.m_PersistentCalls.m_Calls.Array.data[0].m_MethodName
      value: OnClickedBack
      objectReference: {fileID: 0}
    - target: {fileID: 312671485317451404, guid: c1d98eba45a925f438490bf8807e2dc0, type: 3}
      propertyPath: m_OnClick.m_PersistentCalls.m_Calls.Array.data[0].m_TargetAssemblyTypeName
      value: UI.Widgets.SelectDeck.DeckConfirmWidget, MyScriptAssembly
      objectReference: {fileID: 0}
    - target: {fileID: 312671485317451404, guid: c1d98eba45a925f438490bf8807e2dc0, type: 3}
      propertyPath: m_OnClick.m_PersistentCalls.m_Calls.Array.data[0].m_Arguments.m_ObjectArgumentAssemblyTypeName
      value: UnityEngine.Object, UnityEngine
      objectReference: {fileID: 0}
    - target: {fileID: 1193510216473288686, guid: c1d98eba45a925f438490bf8807e2dc0, type: 3}
      propertyPath: m_Name
      value: Btn_Back
      objectReference: {fileID: 0}
    - target: {fileID: 3225694418795974607, guid: c1d98eba45a925f438490bf8807e2dc0, type: 3}
      propertyPath: textId
      value: select_deck_window_confirm_back
      objectReference: {fileID: 0}
    - target: {fileID: 3225694418795974607, guid: c1d98eba45a925f438490bf8807e2dc0, type: 3}
      propertyPath: staticText
      value: 1
      objectReference: {fileID: 0}
    - target: {fileID: 6663586584083025076, guid: c1d98eba45a925f438490bf8807e2dc0, type: 3}
      propertyPath: m_text
      value: '#select_deck_window_confirm_back'
      objectReference: {fileID: 0}
    - target: {fileID: 6663586584083025076, guid: c1d98eba45a925f438490bf8807e2dc0, type: 3}
      propertyPath: m_fontSize
      value: 28
      objectReference: {fileID: 0}
    - target: {fileID: 8225588255146766514, guid: c1d98eba45a925f438490bf8807e2dc0, type: 3}
      propertyPath: m_Pivot.x
      value: 0.5
      objectReference: {fileID: 0}
    - target: {fileID: 8225588255146766514, guid: c1d98eba45a925f438490bf8807e2dc0, type: 3}
      propertyPath: m_Pivot.y
      value: 0
      objectReference: {fileID: 0}
    - target: {fileID: 8225588255146766514, guid: c1d98eba45a925f438490bf8807e2dc0, type: 3}
      propertyPath: m_RootOrder
      value: 1
      objectReference: {fileID: 0}
    - target: {fileID: 8225588255146766514, guid: c1d98eba45a925f438490bf8807e2dc0, type: 3}
      propertyPath: m_AnchorMax.x
      value: 0.5
      objectReference: {fileID: 0}
    - target: {fileID: 8225588255146766514, guid: c1d98eba45a925f438490bf8807e2dc0, type: 3}
      propertyPath: m_AnchorMax.y
      value: 0
      objectReference: {fileID: 0}
    - target: {fileID: 8225588255146766514, guid: c1d98eba45a925f438490bf8807e2dc0, type: 3}
      propertyPath: m_AnchorMin.x
      value: 0.5
      objectReference: {fileID: 0}
    - target: {fileID: 8225588255146766514, guid: c1d98eba45a925f438490bf8807e2dc0, type: 3}
      propertyPath: m_AnchorMin.y
      value: 0
      objectReference: {fileID: 0}
    - target: {fileID: 8225588255146766514, guid: c1d98eba45a925f438490bf8807e2dc0, type: 3}
      propertyPath: m_SizeDelta.x
      value: 340
      objectReference: {fileID: 0}
    - target: {fileID: 8225588255146766514, guid: c1d98eba45a925f438490bf8807e2dc0, type: 3}
      propertyPath: m_SizeDelta.y
      value: 140
      objectReference: {fileID: 0}
    - target: {fileID: 8225588255146766514, guid: c1d98eba45a925f438490bf8807e2dc0, type: 3}
      propertyPath: m_LocalPosition.x
      value: 0
      objectReference: {fileID: 0}
    - target: {fileID: 8225588255146766514, guid: c1d98eba45a925f438490bf8807e2dc0, type: 3}
      propertyPath: m_LocalPosition.y
      value: 0
      objectReference: {fileID: 0}
    - target: {fileID: 8225588255146766514, guid: c1d98eba45a925f438490bf8807e2dc0, type: 3}
      propertyPath: m_LocalPosition.z
      value: 0
      objectReference: {fileID: 0}
    - target: {fileID: 8225588255146766514, guid: c1d98eba45a925f438490bf8807e2dc0, type: 3}
      propertyPath: m_LocalRotation.w
      value: 1
      objectReference: {fileID: 0}
    - target: {fileID: 8225588255146766514, guid: c1d98eba45a925f438490bf8807e2dc0, type: 3}
      propertyPath: m_LocalRotation.x
      value: 0
      objectReference: {fileID: 0}
    - target: {fileID: 8225588255146766514, guid: c1d98eba45a925f438490bf8807e2dc0, type: 3}
      propertyPath: m_LocalRotation.y
      value: 0
      objectReference: {fileID: 0}
    - target: {fileID: 8225588255146766514, guid: c1d98eba45a925f438490bf8807e2dc0, type: 3}
      propertyPath: m_LocalRotation.z
      value: 0
      objectReference: {fileID: 0}
    - target: {fileID: 8225588255146766514, guid: c1d98eba45a925f438490bf8807e2dc0, type: 3}
      propertyPath: m_AnchoredPosition.x
      value: 0
      objectReference: {fileID: 0}
    - target: {fileID: 8225588255146766514, guid: c1d98eba45a925f438490bf8807e2dc0, type: 3}
      propertyPath: m_AnchoredPosition.y
      value: 0
      objectReference: {fileID: 0}
    - target: {fileID: 8225588255146766514, guid: c1d98eba45a925f438490bf8807e2dc0, type: 3}
      propertyPath: m_LocalEulerAnglesHint.x
      value: 0
      objectReference: {fileID: 0}
    - target: {fileID: 8225588255146766514, guid: c1d98eba45a925f438490bf8807e2dc0, type: 3}
      propertyPath: m_LocalEulerAnglesHint.y
      value: 0
      objectReference: {fileID: 0}
    - target: {fileID: 8225588255146766514, guid: c1d98eba45a925f438490bf8807e2dc0, type: 3}
      propertyPath: m_LocalEulerAnglesHint.z
      value: 0
      objectReference: {fileID: 0}
    m_RemovedComponents: []
  m_SourcePrefab: {fileID: 100100000, guid: c1d98eba45a925f438490bf8807e2dc0, type: 3}
--- !u!224 &2564542786469674654 stripped
RectTransform:
  m_CorrespondingSourceObject: {fileID: 8225588255146766514, guid: c1d98eba45a925f438490bf8807e2dc0, type: 3}
  m_PrefabInstance: {fileID: 5886273966208011820}
  m_PrefabAsset: {fileID: 0}
--- !u!1001 &6837271709268811162
PrefabInstance:
  m_ObjectHideFlags: 0
  serializedVersion: 2
  m_Modification:
    m_TransformParent: {fileID: 6005489728087615920}
    m_Modifications:
    - target: {fileID: 2009010776159916666, guid: abebca02be09d8042a77373e54590e19, type: 3}
      propertyPath: m_Pivot.x
      value: 0.5
      objectReference: {fileID: 0}
    - target: {fileID: 2009010776159916666, guid: abebca02be09d8042a77373e54590e19, type: 3}
      propertyPath: m_Pivot.y
      value: 1
      objectReference: {fileID: 0}
    - target: {fileID: 2009010776159916666, guid: abebca02be09d8042a77373e54590e19, type: 3}
      propertyPath: m_RootOrder
      value: 0
      objectReference: {fileID: 0}
    - target: {fileID: 2009010776159916666, guid: abebca02be09d8042a77373e54590e19, type: 3}
      propertyPath: m_AnchorMax.x
      value: 0.5
      objectReference: {fileID: 0}
    - target: {fileID: 2009010776159916666, guid: abebca02be09d8042a77373e54590e19, type: 3}
      propertyPath: m_AnchorMax.y
      value: 1
      objectReference: {fileID: 0}
    - target: {fileID: 2009010776159916666, guid: abebca02be09d8042a77373e54590e19, type: 3}
      propertyPath: m_AnchorMin.x
      value: 0.5
      objectReference: {fileID: 0}
    - target: {fileID: 2009010776159916666, guid: abebca02be09d8042a77373e54590e19, type: 3}
      propertyPath: m_AnchorMin.y
      value: 1
      objectReference: {fileID: 0}
    - target: {fileID: 2009010776159916666, guid: abebca02be09d8042a77373e54590e19, type: 3}
      propertyPath: m_SizeDelta.x
      value: 340
      objectReference: {fileID: 0}
    - target: {fileID: 2009010776159916666, guid: abebca02be09d8042a77373e54590e19, type: 3}
      propertyPath: m_SizeDelta.y
      value: 140
      objectReference: {fileID: 0}
    - target: {fileID: 2009010776159916666, guid: abebca02be09d8042a77373e54590e19, type: 3}
      propertyPath: m_LocalPosition.x
      value: 0
      objectReference: {fileID: 0}
    - target: {fileID: 2009010776159916666, guid: abebca02be09d8042a77373e54590e19, type: 3}
      propertyPath: m_LocalPosition.y
      value: 0
      objectReference: {fileID: 0}
    - target: {fileID: 2009010776159916666, guid: abebca02be09d8042a77373e54590e19, type: 3}
      propertyPath: m_LocalPosition.z
      value: 0
      objectReference: {fileID: 0}
    - target: {fileID: 2009010776159916666, guid: abebca02be09d8042a77373e54590e19, type: 3}
      propertyPath: m_LocalRotation.w
      value: 1
      objectReference: {fileID: 0}
    - target: {fileID: 2009010776159916666, guid: abebca02be09d8042a77373e54590e19, type: 3}
      propertyPath: m_LocalRotation.x
      value: 0
      objectReference: {fileID: 0}
    - target: {fileID: 2009010776159916666, guid: abebca02be09d8042a77373e54590e19, type: 3}
      propertyPath: m_LocalRotation.y
      value: 0
      objectReference: {fileID: 0}
    - target: {fileID: 2009010776159916666, guid: abebca02be09d8042a77373e54590e19, type: 3}
      propertyPath: m_LocalRotation.z
      value: 0
      objectReference: {fileID: 0}
    - target: {fileID: 2009010776159916666, guid: abebca02be09d8042a77373e54590e19, type: 3}
      propertyPath: m_AnchoredPosition.x
      value: 0
      objectReference: {fileID: 0}
    - target: {fileID: 2009010776159916666, guid: abebca02be09d8042a77373e54590e19, type: 3}
      propertyPath: m_AnchoredPosition.y
      value: -0
      objectReference: {fileID: 0}
    - target: {fileID: 2009010776159916666, guid: abebca02be09d8042a77373e54590e19, type: 3}
      propertyPath: m_LocalEulerAnglesHint.x
      value: 0
      objectReference: {fileID: 0}
    - target: {fileID: 2009010776159916666, guid: abebca02be09d8042a77373e54590e19, type: 3}
      propertyPath: m_LocalEulerAnglesHint.y
      value: 0
      objectReference: {fileID: 0}
    - target: {fileID: 2009010776159916666, guid: abebca02be09d8042a77373e54590e19, type: 3}
      propertyPath: m_LocalEulerAnglesHint.z
      value: 0
      objectReference: {fileID: 0}
    - target: {fileID: 3872964797188779644, guid: abebca02be09d8042a77373e54590e19, type: 3}
      propertyPath: m_text
      value: '#btn_confirm'
      objectReference: {fileID: 0}
    - target: {fileID: 3872964797188779644, guid: abebca02be09d8042a77373e54590e19, type: 3}
      propertyPath: m_fontSize
      value: 34.7
      objectReference: {fileID: 0}
    - target: {fileID: 4973574586497969415, guid: abebca02be09d8042a77373e54590e19, type: 3}
      propertyPath: textId
      value: btn_confirm
      objectReference: {fileID: 0}
    - target: {fileID: 4973574586497969415, guid: abebca02be09d8042a77373e54590e19, type: 3}
      propertyPath: staticText
      value: 1
      objectReference: {fileID: 0}
    - target: {fileID: 7894965490712964164, guid: abebca02be09d8042a77373e54590e19, type: 3}
      propertyPath: m_OnClick.m_PersistentCalls.m_Calls.Array.size
      value: 1
      objectReference: {fileID: 0}
    - target: {fileID: 7894965490712964164, guid: abebca02be09d8042a77373e54590e19, type: 3}
      propertyPath: m_OnClick.m_PersistentCalls.m_Calls.Array.data[0].m_Mode
      value: 1
      objectReference: {fileID: 0}
    - target: {fileID: 7894965490712964164, guid: abebca02be09d8042a77373e54590e19, type: 3}
      propertyPath: m_OnClick.m_PersistentCalls.m_Calls.Array.data[0].m_Target
      value: 
      objectReference: {fileID: 7959263955303126716}
    - target: {fileID: 7894965490712964164, guid: abebca02be09d8042a77373e54590e19, type: 3}
      propertyPath: m_OnClick.m_PersistentCalls.m_Calls.Array.data[0].m_CallState
      value: 2
      objectReference: {fileID: 0}
    - target: {fileID: 7894965490712964164, guid: abebca02be09d8042a77373e54590e19, type: 3}
      propertyPath: m_OnClick.m_PersistentCalls.m_Calls.Array.data[0].m_MethodName
      value: OnClickConfirm
      objectReference: {fileID: 0}
    - target: {fileID: 7894965490712964164, guid: abebca02be09d8042a77373e54590e19, type: 3}
      propertyPath: m_OnClick.m_PersistentCalls.m_Calls.Array.data[0].m_TargetAssemblyTypeName
      value: UI.Widgets.SelectDeck.DeckConfirmWidget, MyScriptAssembly
      objectReference: {fileID: 0}
    - target: {fileID: 7894965490712964164, guid: abebca02be09d8042a77373e54590e19, type: 3}
      propertyPath: m_OnClick.m_PersistentCalls.m_Calls.Array.data[0].m_Arguments.m_ObjectArgumentAssemblyTypeName
      value: UnityEngine.Object, UnityEngine
      objectReference: {fileID: 0}
    - target: {fileID: 8743293855751011622, guid: abebca02be09d8042a77373e54590e19, type: 3}
      propertyPath: m_Name
      value: Btn_Confirm
      objectReference: {fileID: 0}
    m_RemovedComponents: []
  m_SourcePrefab: {fileID: 100100000, guid: abebca02be09d8042a77373e54590e19, type: 3}
--- !u!224 &4973010608925052896 stripped
RectTransform:
  m_CorrespondingSourceObject: {fileID: 2009010776159916666, guid: abebca02be09d8042a77373e54590e19, type: 3}
  m_PrefabInstance: {fileID: 6837271709268811162}
  m_PrefabAsset: {fileID: 0}
--- !u!1001 &7233805313958804989
PrefabInstance:
  m_ObjectHideFlags: 0
  serializedVersion: 2
  m_Modification:
    m_TransformParent: {fileID: 5262228573551406612}
    m_Modifications:
    - target: {fileID: 640031909749543076, guid: 6e8ff1c8f5ee97547a03fee6340f9c1c, type: 3}
      propertyPath: m_AnchorMax.y
      value: 0
      objectReference: {fileID: 0}
    - target: {fileID: 640031909749543076, guid: 6e8ff1c8f5ee97547a03fee6340f9c1c, type: 3}
      propertyPath: m_AnchorMin.y
      value: 0
      objectReference: {fileID: 0}
    - target: {fileID: 640031909749543076, guid: 6e8ff1c8f5ee97547a03fee6340f9c1c, type: 3}
      propertyPath: m_AnchoredPosition.x
      value: 0
      objectReference: {fileID: 0}
    - target: {fileID: 640031909749543076, guid: 6e8ff1c8f5ee97547a03fee6340f9c1c, type: 3}
      propertyPath: m_AnchoredPosition.y
      value: 0
      objectReference: {fileID: 0}
    - target: {fileID: 2788745888789140872, guid: 6e8ff1c8f5ee97547a03fee6340f9c1c, type: 3}
      propertyPath: m_Name
      value: Comp_Deck (1)
      objectReference: {fileID: 0}
    - target: {fileID: 4770383355552825736, guid: 6e8ff1c8f5ee97547a03fee6340f9c1c, type: 3}
      propertyPath: m_Pivot.x
      value: 0.5
      objectReference: {fileID: 0}
    - target: {fileID: 4770383355552825736, guid: 6e8ff1c8f5ee97547a03fee6340f9c1c, type: 3}
      propertyPath: m_Pivot.y
      value: 0.5
      objectReference: {fileID: 0}
    - target: {fileID: 4770383355552825736, guid: 6e8ff1c8f5ee97547a03fee6340f9c1c, type: 3}
      propertyPath: m_RootOrder
      value: 1
      objectReference: {fileID: 0}
    - target: {fileID: 4770383355552825736, guid: 6e8ff1c8f5ee97547a03fee6340f9c1c, type: 3}
      propertyPath: m_AnchorMax.x
      value: 0
      objectReference: {fileID: 0}
    - target: {fileID: 4770383355552825736, guid: 6e8ff1c8f5ee97547a03fee6340f9c1c, type: 3}
      propertyPath: m_AnchorMax.y
      value: 0
      objectReference: {fileID: 0}
    - target: {fileID: 4770383355552825736, guid: 6e8ff1c8f5ee97547a03fee6340f9c1c, type: 3}
      propertyPath: m_AnchorMin.x
      value: 0
      objectReference: {fileID: 0}
    - target: {fileID: 4770383355552825736, guid: 6e8ff1c8f5ee97547a03fee6340f9c1c, type: 3}
      propertyPath: m_AnchorMin.y
      value: 0
      objectReference: {fileID: 0}
    - target: {fileID: 4770383355552825736, guid: 6e8ff1c8f5ee97547a03fee6340f9c1c, type: 3}
      propertyPath: m_SizeDelta.x
      value: 250
      objectReference: {fileID: 0}
    - target: {fileID: 4770383355552825736, guid: 6e8ff1c8f5ee97547a03fee6340f9c1c, type: 3}
      propertyPath: m_SizeDelta.y
      value: 360
      objectReference: {fileID: 0}
    - target: {fileID: 4770383355552825736, guid: 6e8ff1c8f5ee97547a03fee6340f9c1c, type: 3}
      propertyPath: m_LocalPosition.x
      value: 0
      objectReference: {fileID: 0}
    - target: {fileID: 4770383355552825736, guid: 6e8ff1c8f5ee97547a03fee6340f9c1c, type: 3}
      propertyPath: m_LocalPosition.y
      value: 0
      objectReference: {fileID: 0}
    - target: {fileID: 4770383355552825736, guid: 6e8ff1c8f5ee97547a03fee6340f9c1c, type: 3}
      propertyPath: m_LocalPosition.z
      value: 0
      objectReference: {fileID: 0}
    - target: {fileID: 4770383355552825736, guid: 6e8ff1c8f5ee97547a03fee6340f9c1c, type: 3}
      propertyPath: m_LocalRotation.w
      value: 1
      objectReference: {fileID: 0}
    - target: {fileID: 4770383355552825736, guid: 6e8ff1c8f5ee97547a03fee6340f9c1c, type: 3}
      propertyPath: m_LocalRotation.x
      value: 0
      objectReference: {fileID: 0}
    - target: {fileID: 4770383355552825736, guid: 6e8ff1c8f5ee97547a03fee6340f9c1c, type: 3}
      propertyPath: m_LocalRotation.y
      value: 0
      objectReference: {fileID: 0}
    - target: {fileID: 4770383355552825736, guid: 6e8ff1c8f5ee97547a03fee6340f9c1c, type: 3}
      propertyPath: m_LocalRotation.z
      value: 0
      objectReference: {fileID: 0}
    - target: {fileID: 4770383355552825736, guid: 6e8ff1c8f5ee97547a03fee6340f9c1c, type: 3}
      propertyPath: m_AnchoredPosition.x
      value: 0
      objectReference: {fileID: 0}
    - target: {fileID: 4770383355552825736, guid: 6e8ff1c8f5ee97547a03fee6340f9c1c, type: 3}
      propertyPath: m_AnchoredPosition.y
      value: 0
      objectReference: {fileID: 0}
    - target: {fileID: 4770383355552825736, guid: 6e8ff1c8f5ee97547a03fee6340f9c1c, type: 3}
      propertyPath: m_LocalEulerAnglesHint.x
      value: 0
      objectReference: {fileID: 0}
    - target: {fileID: 4770383355552825736, guid: 6e8ff1c8f5ee97547a03fee6340f9c1c, type: 3}
      propertyPath: m_LocalEulerAnglesHint.y
      value: 0
      objectReference: {fileID: 0}
    - target: {fileID: 4770383355552825736, guid: 6e8ff1c8f5ee97547a03fee6340f9c1c, type: 3}
      propertyPath: m_LocalEulerAnglesHint.z
      value: 0
      objectReference: {fileID: 0}
    - target: {fileID: 7966190711587480433, guid: 6e8ff1c8f5ee97547a03fee6340f9c1c, type: 3}
      propertyPath: m_AnchorMax.y
      value: 0
      objectReference: {fileID: 0}
    - target: {fileID: 7966190711587480433, guid: 6e8ff1c8f5ee97547a03fee6340f9c1c, type: 3}
      propertyPath: m_AnchorMin.y
      value: 0
      objectReference: {fileID: 0}
    - target: {fileID: 7966190711587480433, guid: 6e8ff1c8f5ee97547a03fee6340f9c1c, type: 3}
      propertyPath: m_AnchoredPosition.x
      value: 0
      objectReference: {fileID: 0}
    - target: {fileID: 7966190711587480433, guid: 6e8ff1c8f5ee97547a03fee6340f9c1c, type: 3}
      propertyPath: m_AnchoredPosition.y
      value: 0
      objectReference: {fileID: 0}
    m_RemovedComponents: []
  m_SourcePrefab: {fileID: 100100000, guid: 6e8ff1c8f5ee97547a03fee6340f9c1c, type: 3}
--- !u!224 &2760827485492968565 stripped
RectTransform:
  m_CorrespondingSourceObject: {fileID: 4770383355552825736, guid: 6e8ff1c8f5ee97547a03fee6340f9c1c, type: 3}
  m_PrefabInstance: {fileID: 7233805313958804989}
  m_PrefabAsset: {fileID: 0}
--- !u!1001 &8162170091227150207
PrefabInstance:
  m_ObjectHideFlags: 0
  serializedVersion: 2
  m_Modification:
    m_TransformParent: {fileID: 5262228573551406612}
    m_Modifications:
    - target: {fileID: 640031909749543076, guid: 6e8ff1c8f5ee97547a03fee6340f9c1c, type: 3}
      propertyPath: m_AnchorMax.y
      value: 0
      objectReference: {fileID: 0}
    - target: {fileID: 640031909749543076, guid: 6e8ff1c8f5ee97547a03fee6340f9c1c, type: 3}
      propertyPath: m_AnchorMin.y
      value: 0
      objectReference: {fileID: 0}
    - target: {fileID: 640031909749543076, guid: 6e8ff1c8f5ee97547a03fee6340f9c1c, type: 3}
      propertyPath: m_AnchoredPosition.x
      value: 0
      objectReference: {fileID: 0}
    - target: {fileID: 640031909749543076, guid: 6e8ff1c8f5ee97547a03fee6340f9c1c, type: 3}
      propertyPath: m_AnchoredPosition.y
      value: 0
      objectReference: {fileID: 0}
    - target: {fileID: 2788745888789140872, guid: 6e8ff1c8f5ee97547a03fee6340f9c1c, type: 3}
      propertyPath: m_Name
      value: Comp_Deck
      objectReference: {fileID: 0}
    - target: {fileID: 4770383355552825736, guid: 6e8ff1c8f5ee97547a03fee6340f9c1c, type: 3}
      propertyPath: m_Pivot.x
      value: 0.5
      objectReference: {fileID: 0}
    - target: {fileID: 4770383355552825736, guid: 6e8ff1c8f5ee97547a03fee6340f9c1c, type: 3}
      propertyPath: m_Pivot.y
      value: 0.5
      objectReference: {fileID: 0}
    - target: {fileID: 4770383355552825736, guid: 6e8ff1c8f5ee97547a03fee6340f9c1c, type: 3}
      propertyPath: m_RootOrder
      value: 0
      objectReference: {fileID: 0}
    - target: {fileID: 4770383355552825736, guid: 6e8ff1c8f5ee97547a03fee6340f9c1c, type: 3}
      propertyPath: m_AnchorMax.x
      value: 0
      objectReference: {fileID: 0}
    - target: {fileID: 4770383355552825736, guid: 6e8ff1c8f5ee97547a03fee6340f9c1c, type: 3}
      propertyPath: m_AnchorMax.y
      value: 0
      objectReference: {fileID: 0}
    - target: {fileID: 4770383355552825736, guid: 6e8ff1c8f5ee97547a03fee6340f9c1c, type: 3}
      propertyPath: m_AnchorMin.x
      value: 0
      objectReference: {fileID: 0}
    - target: {fileID: 4770383355552825736, guid: 6e8ff1c8f5ee97547a03fee6340f9c1c, type: 3}
      propertyPath: m_AnchorMin.y
      value: 0
      objectReference: {fileID: 0}
    - target: {fileID: 4770383355552825736, guid: 6e8ff1c8f5ee97547a03fee6340f9c1c, type: 3}
      propertyPath: m_SizeDelta.x
      value: 250
      objectReference: {fileID: 0}
    - target: {fileID: 4770383355552825736, guid: 6e8ff1c8f5ee97547a03fee6340f9c1c, type: 3}
      propertyPath: m_SizeDelta.y
      value: 360
      objectReference: {fileID: 0}
    - target: {fileID: 4770383355552825736, guid: 6e8ff1c8f5ee97547a03fee6340f9c1c, type: 3}
      propertyPath: m_LocalPosition.x
      value: 0
      objectReference: {fileID: 0}
    - target: {fileID: 4770383355552825736, guid: 6e8ff1c8f5ee97547a03fee6340f9c1c, type: 3}
      propertyPath: m_LocalPosition.y
      value: 0
      objectReference: {fileID: 0}
    - target: {fileID: 4770383355552825736, guid: 6e8ff1c8f5ee97547a03fee6340f9c1c, type: 3}
      propertyPath: m_LocalPosition.z
      value: 0
      objectReference: {fileID: 0}
    - target: {fileID: 4770383355552825736, guid: 6e8ff1c8f5ee97547a03fee6340f9c1c, type: 3}
      propertyPath: m_LocalRotation.w
      value: 1
      objectReference: {fileID: 0}
    - target: {fileID: 4770383355552825736, guid: 6e8ff1c8f5ee97547a03fee6340f9c1c, type: 3}
      propertyPath: m_LocalRotation.x
      value: 0
      objectReference: {fileID: 0}
    - target: {fileID: 4770383355552825736, guid: 6e8ff1c8f5ee97547a03fee6340f9c1c, type: 3}
      propertyPath: m_LocalRotation.y
      value: 0
      objectReference: {fileID: 0}
    - target: {fileID: 4770383355552825736, guid: 6e8ff1c8f5ee97547a03fee6340f9c1c, type: 3}
      propertyPath: m_LocalRotation.z
      value: 0
      objectReference: {fileID: 0}
    - target: {fileID: 4770383355552825736, guid: 6e8ff1c8f5ee97547a03fee6340f9c1c, type: 3}
      propertyPath: m_AnchoredPosition.x
      value: 0
      objectReference: {fileID: 0}
    - target: {fileID: 4770383355552825736, guid: 6e8ff1c8f5ee97547a03fee6340f9c1c, type: 3}
      propertyPath: m_AnchoredPosition.y
      value: 0
      objectReference: {fileID: 0}
    - target: {fileID: 4770383355552825736, guid: 6e8ff1c8f5ee97547a03fee6340f9c1c, type: 3}
      propertyPath: m_LocalEulerAnglesHint.x
      value: 0
      objectReference: {fileID: 0}
    - target: {fileID: 4770383355552825736, guid: 6e8ff1c8f5ee97547a03fee6340f9c1c, type: 3}
      propertyPath: m_LocalEulerAnglesHint.y
      value: 0
      objectReference: {fileID: 0}
    - target: {fileID: 4770383355552825736, guid: 6e8ff1c8f5ee97547a03fee6340f9c1c, type: 3}
      propertyPath: m_LocalEulerAnglesHint.z
      value: 0
      objectReference: {fileID: 0}
    - target: {fileID: 7966190711587480433, guid: 6e8ff1c8f5ee97547a03fee6340f9c1c, type: 3}
      propertyPath: m_AnchorMax.y
      value: 0
      objectReference: {fileID: 0}
    - target: {fileID: 7966190711587480433, guid: 6e8ff1c8f5ee97547a03fee6340f9c1c, type: 3}
      propertyPath: m_AnchorMin.y
      value: 0
      objectReference: {fileID: 0}
    - target: {fileID: 7966190711587480433, guid: 6e8ff1c8f5ee97547a03fee6340f9c1c, type: 3}
      propertyPath: m_AnchoredPosition.x
      value: 0
      objectReference: {fileID: 0}
    - target: {fileID: 7966190711587480433, guid: 6e8ff1c8f5ee97547a03fee6340f9c1c, type: 3}
      propertyPath: m_AnchoredPosition.y
      value: 0
      objectReference: {fileID: 0}
    m_RemovedComponents: []
  m_SourcePrefab: {fileID: 100100000, guid: 6e8ff1c8f5ee97547a03fee6340f9c1c, type: 3}
--- !u!224 &3708173405724407543 stripped
RectTransform:
  m_CorrespondingSourceObject: {fileID: 4770383355552825736, guid: 6e8ff1c8f5ee97547a03fee6340f9c1c, type: 3}
  m_PrefabInstance: {fileID: 8162170091227150207}
  m_PrefabAsset: {fileID: 0}
